 Dungeon Crawl Stone Soup version 0.25-a0-939-g1e880d3 (webtiles) character file.

Game seed: 8853583529658624123, levelgen mode: deterministic

171436 AssidiousBlue the Warrior (level 17, -5/170 HPs)
             Began as a Minotaur Berserker on Apr 28, 2020.
             Was the Champion of Trog.
             Slain by a salamander
             ... wielding a +1 halberd
              (14 damage)
             ... on level 4 of the Snake Pit on May 5, 2020.
             The game lasted 01:32:16 (33746 turns).

AssidiousBlue the Warrior (Minotaur Berserker)     Turns: 33746, Time: 01:32:17

Health: -5/170     AC: 27    Str: 24    XL:     17   Next: 39%
Magic:  5/6        EV:  8    Int:  4    God:    Trog [******]
Gold:   2831       SH: 14    Dex: 20    Spells: 16/16 levels left

rFire    . . .     SeeInvis .   F - +5 broad axe (antimagic)
rCold    + + .     Gourm    .   S - +1 buckler {rPois}
rNeg     . . .     Faith    .   N - +4 plate armour
rPois    +         Spirit   .   v - +2 hat
rElec    +         Reflect  +   z - +0 cloak {rC+}
rCorr    .         Harm     .   (no gloves)
MR       ++...                  q - +0 pair of boots
Stlth    ..........             b - amulet of Lihyc {Reflect rElec Dex+5 SH+4}
HPRegen  0.38/turn              o - ring of protection from cold (curse)
MPRegen  0.10/turn              l - ring of protection from magic

@: lethally poisoned (-5 -> -6), about to teleport, slowed, constricted, very
slow
A: retaliatory headbutt, horns 2
a: Berserk, Trog's Hand, Brothers in Arms, Renounce Religion


You were on level 4 of the Snake Pit.
You worshipped Trog.
Trog was exalted by your worship.
You were very hungry.

You visited 5 branches of the dungeon, and saw 28 of its levels.
You visited the Abyss 1 time.
You also visited: Bailey and Ice Cave.

You collected 2831 gold pieces.

Inventory:

Hand Weapons
 F - a +5 antimagic broad axe (weapon)
   (Trog gifted it to you on level 2 of the Lair of Beasts)
 R - a +4 hand axe of flaming
   (You took it off an orc priest on level 4 of the Dungeon)
Missiles
 C - a throwing net (quivered) {!f}
Armour
 m - a +0 kite shield
   (You found it on level 2 of the Dungeon)
 q - a +0 pair of boots (worn)
   (You found it on level 4 of the Dungeon)
 v - a +2 hat (worn)
   (You found it on level 3 of the Dungeon)
 z - a +0 cloak of cold resistance (worn)
   (You found it in an ice cave)
 N - a +4 plate armour (worn)
   (You took it off an orc warrior on level 8 of the Dungeon)
 S - a +1 buckler of poison resistance (worn)
   (You took it off a spriggan rider on level 3 of the Lair of Beasts)
 U - a cursed +0 kite shield of reflection
   (You took it off Donald on level 1 of the Snake Pit)
Jewellery
 b - the amulet of Lihyc (around neck) {Reflect rElec Dex+5 SH+4}
   (You found it on level 5 of the Dungeon)

   [amulet of reflection]

   It shields you and reflects attacks.
   It affects your dexterity (+5).
   It insulates you from electricity.
   It affects your SH (+4).
 i - an uncursed ring of protection from fire
   (You found it on level 10 of the Dungeon)
 l - a ring of protection from magic (right hand)
   (You found it on level 10 of the Dungeon)
 o - a cursed ring of protection from cold (left hand)
   (You found it on level 1 of the Lair of Beasts)
 w - an uncursed amulet of magic regeneration {unknown}
   (You found it on level 3 of the Snake Pit)
 M - a +4 ring of evasion
   (You found it on level 9 of the Dungeon)
Wands
 c - a wand of disintegration (6)
   (You found it on level 13 of the Dungeon)
 d - a wand of iceblast (39)
   (You found it on level 9 of the Dungeon)
 t - a wand of flame (22)
   (You took it off Maurice on level 1 of the Orcish Mines)
 u - a wand of paralysis (29)
   (You found it on level 8 of the Dungeon)
 x - a wand of acid (11)
   (You found it on level 4 of the Lair of Beasts)
 B - a wand of enslavement (14)
   (You found it on level 2 of the Lair of Beasts)
 K - a wand of polymorph (17)
   (You found it on level 3 of the Lair of Beasts)
 P - a wand of clouds (9)
   (You found it on level 2 of the Lair of Beasts)
 T - a wand of scattershot (12)
   (You found it on level 6 of the Lair of Beasts)
Scrolls
 g - 7 scrolls of identify {@r1}
 h - 2 scrolls of blinking {unknown}
 j - 11 scrolls of remove curse {@r2}
 k - 5 scrolls of teleportation {@r4}
 p - 4 scrolls of immolation {!r}
 s - 4 scrolls of fear {unknown}
 A - 4 scrolls of fog
 G - a scroll of brand weapon {unknown}
 J - 5 scrolls of magic mapping
 X - 3 scrolls of silence {unknown}
 Z - 2 scrolls of acquirement {unknown}
Potions
 a - a potion of cancellation
 f - 5 potions of stabbing
 n - 4 potions of might
 r - 4 potions of lignification {!q}
 D - 3 potions of flight
 E - 5 potions of heal wounds {@q2}
 H - 3 potions of haste {@q3}
 I - 12 potions of curing {@q1}
 L - a potion of invisibility
 O - 2 potions of berserk rage
 Q - a potion of resistance
 Y - a potion of mutation {!q}
Miscellaneous
 y - 2 phantom mirrors
Comestibles
 e - 54 rations {!d}
 V - 2 chunks of flesh


   Skills:
 + Level 19.8 Fighting
 - Level 18.0 Axes
 + Level 17.9 Armour
 + Level 5.3 Dodging
 - Level 15.0 Shields
 - Level 6.0 Evocations


You had 16 spell levels left.
You didn't know any spells.
Your spell library was empty.

Dungeon Overview and Level Annotations

Branches:
Dungeon (15/15)            Temple (1/1) D:5            Lair (6/6) D:8
 Shoals (0/4) Lair:2        Snake (4/4) Lair:2        Slime (0/5) Lair:6
    Orc (2/2) D:9             Elf (0/3) Orc:2        Vaults (0/5) D:14
 Depths (0/5) D:15         Bailey (visited)           IceCv (visited)

Altars:
Ashenzari
Cheibriados
Dithmenos
Elyvilon
Fedhas
Gozag
Hepliaklqana
Kikubaaqudgha
Makhleb
Nemelex Xobeh
Okawaru
Qazlal
Ru
Sif Muna
Trog
Uskayaw
Vehumet
Wu Jian
Xom
Yredelemnul
Zin
The Shining One
Beogh

Shops:
D:8 %   D:10 *   D:15 %*[   Orc:2 ?:%*   Snake:3 [}

Annotations:
D:7 3 runed translucent doors, SirPussy's ghost, novice FeMo


Innate Abilities, Weirdness & Mutations

You reflexively headbutt those who attack you in melee.
You have a pair of horns on your head.


Message History

Okay, then.
As you read the scroll of teleportation {@r4}, it crumbles to dust.
You feel strangely unstable.
You feel sick. You block the naga warrior's attack.
The naga warrior hits your cyclops with a +2 battleaxe of freezing!
The naga warrior freezes your cyclops.
The naga mage hits you but does no damage.
The naga mage constricts you.
The naga mage mumbles some strange words.
The naga mage seems to speed up.
You block the guardian serpent's attack.
You block the salamander's attack.
Your cyclops barely misses the naga warrior.
You feel better.
The guardian serpent coils itself and waves its upper body at you.
You feel yourself slow down. The naga mage casts a spell at you.
The bolt of poison hits you but does no damage.
You resist.
The bolt of poison hits the naga warrior!
The bolt of poison hits your cyclops!! The naga mage constricts you.
The naga warrior spits poison at you.
The splash of poison hits you but does no damage.
You are poisoned.
You resist.
The naga sharpshooter gestures wildly while chanting.
The naga sharpshooter magically shoots a bolt.
The bolt hits you!
* * * LOW HITPOINT WARNING * * *
Your cyclops completely misses the naga warrior.
You block the salamander's attack.
The guardian serpent hits you but does no damage.
You closely miss the naga warrior. Your headbutt misses the naga warrior.
You hit the salamander. You hit the naga mage.
The naga mage's magic leaks into the air.
You hit the guardian serpent but do no damage.
You feel sick.
The nagaraja hits you from afar with a +0 halberd!
* * * LOW HITPOINT WARNING * * *
The guardian serpent hits you but does no damage.
You block the naga mage's attack. The naga mage constricts you.
You block the naga warrior's attack.
The naga warrior hits your cyclops with a +2 battleaxe of freezing!
The naga warrior freezes your cyclops.
Your cyclops hits the naga warrior!!!
The naga sharpshooter casts a spell.
The naga sharpshooter magically shoots a bolt.
The bolt hits you.
* * * LOW HITPOINT WARNING * * *
The salamander hits you with a +1 halberd!
You die...

##..#.......(
#..........(.
#....#.(...#.
#............
#..:.N.......
#............
###NNC##...##
#SN## ## ##@##
#NN# ##N##
######).# #
#.(.().###### ...
#...###...... .##
#...###....##
#..........#
#.###......#######


You could see a naga warrior, a nagaraja, a naga sharpshooter, a salamander, a
naga ritualist, a guardian serpent, 2 naga magi and a friendly cyclops
(berserk).

Vanquished Creatures
  Frances (D:13)
  Kirke (Lair:6)
  Donald (Snake:1)
  A nagaraja (Snake:3)
  Louise (Lair:2)
  An orc warlord (Orc:2)
  Aizul (Snake:2)
  2 stone giants (Orc:2)
  Nessos (Orc:2)
  Josephine (D:13)
  Snorg (Lair:6)
  A fire dragon (D:15)
  An ogre mage (D:14)
  11 naga warriors
  An ice dragon (D:15)
  8 hydras
  8 anacondas
  Erica (Lair:1)
  7 two-headed ogres
  4 centaur warriors
  Urug (D:13)
  2 tengu warriors
  4 orc high priests (Orc:2)
  4 shock serpents
  9 naga sharpshooters
  Sonja (Lair:1)
  2 salamander mystics (Snake:4)
  A fire crab (D:11)
  A flayed ghost (D:11)
  6 unseen horrors
  3 naga ritualists
  A lindwurm (Lair:3)
  A necromancer (IceCv)
  A harpy (shapeshifter) (D:13)
  6 cyclopes
  5 orc knights
  4 orc sorcerers (Orc:2)
  10 mana vipers
  12 ugly things
  4 salamanders
  2 manticores (D:15)
  4 deep elf magi
  An elephant (D:8)
  28 black mambas
  13 naga magi
  3 guardian serpents
  Maurice (Orc:1)
  6 centaur zombies
  An ice statue (IceCv)
  2 molten gargoyles (Lair:4)
  Joseph (D:8)
  2 centaur skeletons
  3 gargoyles
  2 kobold demonologists
  9 komodo dragons
  2 yaktaurs (D:14)
  10 spiny frogs
  3 rime drakes
  An efreet (D:13)
  2 ice devils (Lair:4)
  12 freezing wraiths
  2 tengu conjurers
  8 polar bears
  10 trolls
  Grinder (D:6)
  15 hornets
  6 blink frogs
  5 hippogriffs
  14 slime creatures
  A snapping turtle (Lair:2)
  26 spriggans
  A shadow (D:15)
  A vampire (D:13)
  31 yaks
  Eustachio (D:6)
  4 wraiths
  3 wyverns
  3 hogs (Lair:6)
  8 basilisks
  5 vampire mosquitoes
  A death yak simulacrum (IceCv)
  4 hungry ghosts
  2 steam dragons (D:9)
  2 acid dragons
  2 wargs (Orc:2)
  44 nagas
  A soldier ant (D:12)
  Duvessa (D:6)
  16 water moccasins
  6 porcupines
  46 orc warriors
  12 ice beasts
  10 black bears
  An alligator simulacrum (IceCv)
  5 sky beasts
  2 hornet zombies
  3 eyes of draining
  6 boggarts
  19 ogres
  26 wolves
  11 crocodiles
  34 centaurs
  5 big kobolds
  16 bullfrogs
  2 gnoll sergeants
  A wyvern zombie (D:14)
  4 scorpions
  A water moccasin skeleton (D:9)
  Dowan (D:6)
  14 killer bees
  A swamp dragon simulacrum (IceCv)
  20 wights
  2 electric eels (Lair:6)
  A howler monkey (D:14)
  A bullfrog zombie (D:12)
  5 lava snakes (Lair:4)
  10 crimson imps
  A draconian simulacrum (IceCv)
  31 orc priests
  7 jellies
  8 hounds
  25 orc wizards
  3 bullfrog skeletons
  9 iguanas
  Natasha (thrice) (D:4)
  5 troll simulacra (IceCv)
  A spriggan simulacrum (IceCv)
  10 worker ants
  A wolf simulacrum (IceCv)
  2 centaur simulacra (IceCv)
  A howler monkey skeleton (D:4)
  5 ogre simulacra (IceCv)
  2 worker ant zombies
  12 gnolls
  13 adders
  6 naga simulacra (IceCv)
  8 shadow imps
  12 white imps (IceCv)
  An adder zombie (D:7)
  2 oozes
  3 worms
  2 dart slugs
  8 leopard geckos
  132 orcs
  3 ball pythons
  5 giant cockroaches
  4 goblins
  3 hobgoblins
  6 jackals
  3 quokkas
  10 bats
  4 frilled lizards
  8 kobolds
  A leopard gecko skeleton (D:4)
  4 rats
  2 fungi
  4 plants
1093 creatures vanquished.

Vanquished Creatures (collateral kills)
  An ettin (D:11)
  An anaconda (Snake:1)
  A naga sharpshooter (Snake:1)
3 creatures vanquished.

Vanquished Creatures (others)
  A nagaraja (Snake:3)
  A naga sharpshooter (Snake:4)
  A deep elf archer (D:14)
  A cyclops (D:12)
  2 centaurs
  A wight (D:9)
  8 kobolds (Bailey)
  A fungus (Lair:6)
16 creatures vanquished.

Grand Total: 1112 creatures vanquished

Notes
Turn   | Place    | Note
-------+----------+-------------------------------------------
     0 | D:1      | AssidiousBlue the Minotaur Berserker began the quest for
                  | the Orb.
     0 | D:1      | Reached XP level 1. HP: 19/19 MP: 0/0
   258 | D:1      | Reached XP level 2. HP: 20/27 MP: 1/1
   940 | D:2      | Reached XP level 3. HP: 33/33 MP: 2/2
  1002 | D:2      | Reached skill level 4 in Fighting
  1086 | D:2      | Reached ** piety under Trog
  1110 | D:2      | Reached skill level 1 in Shields
  1482 | D:2      | Reached XP level 4. HP: 34/40 MP: 3/3
  1950 | D:3      | Reached skill level 5 in Axes
  2310 | D:3      | Reached XP level 5. HP: 38/46 MP: 4/4
  2759 | D:3      | Reached *** piety under Trog
  3106 | D:4      | Noticed Natasha
  3121 | D:4      | Killed Natasha
  3121 | D:4      | Reached XP level 6. HP: 52/52 MP: 5/5
  3287 | D:4      | Noticed Natasha
  3292 | D:4      | Killed Natasha
  3409 | D:4      | Noticed Natasha
  3419 | D:4      | Killed Natasha
  3530 | D:4      | Reached XP level 7. HP: 59/59 MP: 6/6
  3675 | D:5      | Entered Level 5 of the Dungeon
  3711 | D:5      | Found a staircase to the Ecumenical Temple.
  3741 | D:5      | Got a bound pewter amulet
  3743 | D:5      | Identified the amulet of Lihyc {Reflect rElec Dex+5 SH+4}
                  | (You found it on level 5 of the Dungeon)
  3746 | Temple   | Entered the Ecumenical Temple
  4725 | D:6      | Got a polished long sword
  4809 | D:6      | Reached XP level 8. HP: 54/67 MP: 7/7
  4845 | D:6      | Noticed Dowan
  4845 | D:6      | Noticed Eustachio
  4845 | D:6      | Noticed Duvessa
  4868 | D:6      | Found a bloodstained altar of Trog.
  4889 | D:5      | Reached skill level 5 in Fighting
  4889 | D:5      | Reached skill level 10 in Axes
  4889 | D:5      | Reached skill level 5 in Shields
  4906 | D:6      | Killed Dowan
  4932 | D:6      | Noticed Grinder
  4946 | D:6      | Killed Duvessa
  4952 | D:6      | Paralysed by Grinder for 2 turns
  4956 | D:6      | Killed Grinder
  4956 | D:6      | Reached skill level 6 in Fighting
  5052 | D:6      | Killed Eustachio
  5329 | D:6      | Found a sparkling altar of Nemelex Xobeh.
  5469 | D:6      | Reached XP level 9. HP: 78/78 MP: 8/8
  5541 | D:7      | Reached **** piety under Trog
  5654 | D:7      | Reached skill level 7 in Fighting
  5932 | D:7      | Reached skill level 8 in Fighting
  6193 | D:7      | Found a runed translucent gate.
  6194 | D:7      | Found a runed translucent gate.
  6197 | D:7      | Found a runed translucent gate.
  6197 | D:7      | Noticed SirPussy's ghost (novice FeMo)
  6197 | D:7      | Noticed a kobold demonologist
  6574 | D:8      | Noticed a two-headed ogre
  6579 | D:8      | Killed a two-headed ogre
  6579 | D:8      | Reached XP level 10. HP: 90/90 MP: 9/9
  6744 | D:8      | Reached skill level 9 in Fighting
  6796 | D:8      | Reached ***** piety under Trog
  6818 | D:8      | Found Sotomaus's Food Shop.
  6843 | D:8      | Found a roughly hewn altar of Beogh.
  7037 | D:8      | Noticed Joseph
  7043 | D:8      | Killed Joseph
  7160 | D:8      | Noticed an elephant
  7163 | D:8      | Found a staircase to the Lair.
  7194 | D:8      | Reached skill level 10 in Fighting
  7194 | D:8      | Reached skill level 10 in Shields
  7205 | D:8      | Killed an elephant
  7677 | D:9      | Reached skill level 5 in Armour
  7742 | D:9      | Found a staircase to the Orcish Mines.
  7756 | D:9      | Reached XP level 11. HP: 101/101 MP: 10/10
  7762 | D:9      | Cast into level 1 of the Abyss (gnoll sergeant)
  7775 | D:9      | Escaped the Abyss
  8747 | D:10     | Entered Level 10 of the Dungeon
  8773 | D:10     | Reached skill level 11 in Fighting
  8997 | D:10     | Killed an unseen horror
  9240 | D:10     | Found Sifityur's Assorted Antiques.
  9263 | D:10     | Found a flagged portal.
  9275 | Bailey   | Entered a bailey
  9281 | Bailey   | Noticed an orc knight
  9291 | Bailey   | Noticed an orc knight
  9592 | D:10     | Found a shattered altar of Ashenzari.
 10081 | D:11     | Received a gift from Trog
 10212 | D:11     | Noticed a fire crab
 10212 | D:11     | Noticed a two-headed ogre
 10212 | D:11     | Noticed a brown ugly thing
 10212 | D:11     | Noticed a green ugly thing
 10217 | D:11     | Killed a two-headed ogre
 10218 | D:11     | Found a large runed translucent door.
 10226 | D:11     | Killed a brown ugly thing
 10230 | D:11     | Killed a fire crab
 10230 | D:11     | Reached skill level 12 in Fighting
 10231 | D:11     | Killed a green ugly thing
 10238 | D:11     | Found a large runed translucent door.
 10470 | D:11     | Noticed a green ugly thing
 10485 | D:11     | Killed a green ugly thing
 10485 | D:11     | Reached XP level 12. HP: 112/112 MP: 3/11
 10852 | D:11     | Noticed a five-headed hydra
 10861 | D:11     | Killed a one-headed hydra
 10887 | D:11     | Got a shimmering falchion
 11112 | D:11     | Noticed an ettin
 11137 | D:11     | Killed an ettin
 11162 | D:11     | Found a shimmering altar of Xom.
 11172 | D:11     | Found a white marble altar of Elyvilon.
 11412 | D:12     | Reached skill level 13 in Fighting
 11489 | D:12     | Reached skill level 10 in Armour
 11499 | D:12     | Received a gift from Trog
 11717 | D:12     | Noticed a tengu warrior
 11737 | D:12     | Killed a tengu warrior
 11932 | D:12     | Noticed a two-headed ogre
 11947 | D:12     | Killed a two-headed ogre
 12020 | D:12     | Reached skill level 14 in Fighting
 12067 | D:12     | Reached XP level 13. HP: 124/124 MP: 12/12
 12149 | D:13     | Noticed Frances
 12323 | Lair:1   | Entered Level 1 of the Lair of Beasts
 12432 | Lair:1   | Noticed Sonja
 12460 | Lair:1   | Killed Sonja
 12742 | Lair:1   | Noticed Erica
 12760 | Lair:1   | Killed Erica
 13188 | Lair:2   | Found a staircase to the Snake Pit.
 13572 | Lair:2   | You fall into a shaft and drop 1 floor!
 13577 | Lair:3   | Reached ****** piety under Trog
 13895 | Lair:3   | Reached skill level 15 in Axes
 14577 | Lair:2   | Reached skill level 15 in Fighting
 14878 | Lair:2   | Found a staircase to the Shoals.
 14893 | Lair:2   | Received a gift from Trog
 15339 | Lair:4   | Found a frozen archway.
 15368 | IceCv    | Entered an ice cave
 15452 | IceCv    | Reached XP level 14. HP: 135/135 MP: 4/13
 15506 | IceCv    | Found an ancient bone altar of Kikubaaqudgha.
 15925 | Lair:4   | Got a wizard robe
 15926 | Lair:4   | Identified the cursed +0 robe of Responsibility {rC+ Int+3
                  | Dex+3} (You found it on level 4 of the Lair of Beasts)
 16343 | Lair:4   | Got a black opal-encrusted leather armour
 16344 | Lair:4   | Identified the cursed +1 leather armour of the Sun {+Blink
                  | rN++ Int-4} (You found it on level 4 of the Lair of Beasts)
 16532 | Lair:5   | Received a gift from Trog
 16876 | Lair:5   | Reached skill level 15 in Shields
 17340 | Lair:6   | Entered Level 6 of the Lair of Beasts
 17411 | Lair:6   | Reached skill level 1 in Evocations
 18019 | Lair:6   | Found a staircase to the Slime Pits.
 18319 | Lair:6   | Reached skill level 16 in Fighting
 18514 | Lair:6   | Noticed Snorg
 18813 | Lair:6   | Killed Snorg
 18813 | Lair:6   | Received a gift from Trog
 19067 | Lair:6   | Noticed Kirke
 19091 | Lair:6   | Killed Kirke
 19602 | Orc:1    | Entered Level 1 of the Orcish Mines
 19725 | Orc:1    | Upgraded the game from 0.25-a0-860-gf695395 to
                  | 0.25-a0-869-g05d4e06
 19746 | Orc:2    | Entered Level 2 of the Orcish Mines
 20022 | Orc:1    | Found a roughly hewn altar of Beogh.
 20345 | Orc:1    | Noticed Maurice
 20351 | Orc:1    | Reached XP level 15. HP: 124/144 MP: 5/17
 20362 | Orc:1    | Killed Maurice
 20462 | Orc:2    | Noticed Nessos
 20465 | Orc:2    | Upgraded the game from 0.25-a0-869-g05d4e06 to
                  | 0.25-a0-939-g1e880d3
 20479 | Orc:2    | Killed Nessos
 20865 | Orc:2    | Identified the +5 scimitar of Extinguishment {vorpal,
                  | Str+3}
 20912 | Orc:2    | Received a gift from Trog
 20931 | Orc:2    | Noticed an orc warlord
 21046 | Orc:2    | Found a roughly hewn altar of Beogh.
 21257 | Orc:2    | Found Xugrugg's Magic Scroll Emporium.
 21325 | Orc:2    | Found Timm's Book Shoppe.
 21479 | Orc:2    | Killed an orc warlord
 21841 | Orc:2    | Found a staircase to the Elven Halls.
 21934 | Orc:2    | Reached skill level 5 in Evocations
 21962 | Orc:2    | Found Reimom's Food Emporium.
 21998 | Orc:2    | Found a roughly hewn altar of Beogh.
 22027 | Orc:2    | Received a gift from Trog
 22142 | Orc:2    | Found Jufeuwa's General Store.
 23098 | D:13     | Killed Frances
 23312 | D:13     | Noticed Urug
 23337 | D:13     | Killed Urug
 23492 | D:13     | Noticed Josephine
 23512 | D:13     | Killed Josephine
 24072 | D:14     | Received a gift from Trog
 24462 | D:14     | Reached skill level 17 in Fighting
 25065 | D:14     | Found a gate to the Vaults.
 25133 | D:14     | Reached XP level 16. HP: 153/155 MP: 6/19
 25513 | D:15     | Entered Level 15 of the Dungeon
 25567 | D:15     | Reached skill level 15 in Armour
 25620 | D:15     | Found Lamn's Armour Boutique.
 25808 | D:15     | Found Biguazey's Assorted Antiques.
 25901 | D:15     | Found Zelap's Food Shoppe.
 25994 | D:15     | Found a basalt altar of Yredelemnul.
 26209 | D:15     | Found a staircase to the Depths.
 26896 | Snake:1  | Entered Level 1 of the Snake Pit
 26896 | Snake:1  | Noticed Louise
 26917 | Lair:2   | Killed Louise
 26917 | Lair:2   | Reached skill level 18 in Fighting
 26974 | Lair:2   | HP: 7/157 [poisoned by a naga ritualist (toxic radiance)]
 26979 | Lair:2   | HP: 6/157 [poisoned by a naga ritualist (toxic radiance)]
 26984 | Lair:2   | HP: 7/157 [poisoned by a naga ritualist (toxic radiance)]
 26989 | Lair:2   | HP: 7/157 [poisoned by a naga ritualist (toxic radiance)]
 27407 | Snake:1  | Received a gift from Trog
 27795 | Snake:1  | Noticed Donald
 27830 | Snake:1  | Killed Donald
 30362 | Snake:2  | Noticed Aizul
 30376 | Snake:2  | Killed Aizul
 30376 | Snake:2  | Reached skill level 19 in Fighting
 31416 | Snake:3  | Found Qaesoeh's Gadget Shoppe.
 31416 | Snake:3  | Found Gicopeh's Antique Armour Emporium.
 31678 | Snake:3  | Reached XP level 17. HP: 168/168 MP: 6/20
 31771 | Snake:3  | Received a gift from Trog
 32971 | Snake:4  | Entered Level 4 of the Snake Pit
 33705 | Snake:4  | Reached skill level 5 in Dodging
 33746 | Snake:4  | Slain by a salamander

Levels and vault maps discovered:
D:1:      eino_arrival_tree_alley, layout_basic, roderic_lattice_a
D:2:      layout_basic, first_ration
D:3:      layout_basic
D:4:      layout_gridville, minmay_pentomino_pile, uniq_natasha
D:5:      layout_basic, minmay_temple_entry_purple_smoke, serial_glass,
          glass_columns_c, glass_columns_b, dk_vineyard_3
D:6:      layout_basic, nemelex_altar_shiori, trog_ov_bears_minmay,
          uniq_eustachio, uniq_duvessa, uniq_grinder
D:7:      layout_loops_corners, gammafunk_ghost_nasty_kobolds, grunt_ogre_cave,
          minmay_fractal_squares_5
D:8:      layout_basic, david_lair_generic, serial_shops, nicolae_shop_trees,
          special_room [special_room_orc], uniq_joseph
D:9:      layout_loops_ring, kennysheep_orc_monster_closet_entryway
D:10:     layout_small_grid, enter_bailey_1, serial_shops,
          nicolae_shop_statue_plus, ashenzari_altar_1
D:11:     layout_basic, jmf_multi_god_temple2
D:12:     layout_grid_maze
D:13:     layout_loops_corners, kb_tengu_band, uniq_josephine, uniq_urug,
          uniq_frances
D:14:     layout_basic, hangedman_vaults_entry_quadrant_bands,
          minmay_misc_feat_cross, minmay_misc_feat_five, minmay_checkerbox
D:15:     grunt_enter_depths_hoard, layout_rooms, serial_shops,
          nicolae_shop_waterfront, nicolae_shop_behind_doors, shop,
          lemuel_crystal_altar
Temple:   nicolae_temple_the_god_donut
Lair:1:   layout_cave_shapes, infiniplex_staircase_pool, uniq_erica, uniq_sonja
Lair:2:   layout_cave_pods, minmay_shoals_entry_hut,
          guppyfry_snake_entry_island, lemuel_old_faithful
Lair:3:   kb_forest_paths, layout_hall_layers, grunt_megastairs_5
Lair:4:   cheibrodos_magma_flow, layout_regular_city,
          portal_ice_cave_demonic_guard
Lair:5:   layout_loops_ring, cheibrodos_lair_lostbears, serial_bayou_shore_b,
          infiniplex_staircase_pool_2
Lair:6:   minmay_lair_end_enchanted_forest, layout_regular_city,
          nicolae_slime_entry_slimehenge, nicolae_quartered_pool_super,
          serial_bayou_shore_a, uniq_snorg, uniq_kirke
Snake:1:  layout_misc_corridors, uniq_louise, uniq_donald
Snake:2:  layout_layer_cave, nicolae_snake_shapes, uniq_aizul
Snake:3:  layout_chambers, minmay_shoptagon
Snake:4:  snake_pit, layout_misc_corridors
Orc:1:    layout_diamond_mine, basic_altar, uniq_maurice
Orc:2:    pubby_orc_utopia, uniq_nessos

Skill      XL: |  1  2  3  4  5  6  7  8  9 10 11 12 13 14 15 16 17 |
---------------+----------------------------------------------------+-----
Axes           | 4 5 6 8 9 10 11 13 14 15 16 18 | 18.0
Armour         | 3 4 5 8 10 12 13 14 17 | 17.9
Fighting       | 4 6 8 10 12 14 15 16 17 19 | 19.8
Shields        | 1 2 3 4 6 8 10 11 13 14 15 | 15.0
Dodging        | 3 5 |  5.3
Evocations     | 4 6 |  6.0

Action                   |  1- 3 |  4- 6 |  7- 9 | 10-12 | 13-15 | 16-18 || total
-------------------------+-------+-------+-------+-------+-------+-------++-------
Melee: Hand axe          |    70 |   116 |   200 |   668 |   470 |    15 ||  1539
       Headbutt          |    15 |    24 |    55 |   212 |   471 |   226 ||  1003
       Broad axe         |       |       |       |       |  1128 |   666 ||  1794
Invok: Berserk           |     3 |     4 |     6 |     9 |     3 |     3 ||    28
       Trog's Hand       |       |     3 |     2 |       |    11 |     2 ||    18
       Brothers in Arms  |       |       |       |     1 |       |     2 ||     3
  Use: Scroll            |       |       |     6 |       |    17 |    10 ||    33
       Potion            |       |       |       |       |     1 |     3 ||     4
 Stab: Sleeping          |     2 |       |       |       |       |       ||     2
       Distracted        |       |       |       |       |     1 |       ||     1
  Eat: Chunk             |     3 |     9 |    15 |    15 |    32 |     7 ||    81
       Ration            |       |     1 |       |     5 |     5 |     7 ||    18
Armor: Animal skin       |    17 |     7 |       |       |       |       ||    24
       Chain mail        |       |    27 |    67 |    69 |       |       ||   163
       Plate armour      |       |       |       |   196 |   455 |   290 ||   941
Dodge: Dodged            |    39 |    25 |    38 |   106 |   288 |   154 ||   650
Block: Kite shield       |    14 |    56 |   138 |   519 |  1179 |    97 ||  2003
       Reflection        |       |       |     3 |    56 |    42 |    80 ||   181
       Buckler           |       |       |       |       |       |   350 ||   350

Table legend:
 A = Non-vault XP
 B = Vault XP
 C = Vault XP percentage of total XP
 D = Non-vault monster count
 E = Vault monster count
 F = Vault count percentage of total count
                 A         B        C        D         E       F
            +---------+---------+-------+---------+---------+-------
      Total |  153396 |   91513 |  37.4 |     679 |     426 |  38.6
            +---------+---------+-------+---------+---------+-------
        D:1 |      21 |       0 |   0.0 |      14 |       0 |   0.0
        D:2 |     103 |       0 |   0.0 |      27 |       0 |   0.0
        D:3 |     205 |       0 |   0.0 |      27 |       0 |   0.0
        D:4 |     175 |     275 |  61.1 |      10 |       5 |  33.3
        D:5 |     645 |     255 |  28.3 |      19 |       2 |   9.5
        D:6 |     528 |     718 |  57.6 |      12 |       4 |  25.0
        D:7 |     959 |     634 |  39.8 |      20 |      10 |  33.3
        D:8 |    2581 |    1977 |  43.4 |      37 |      31 |  45.6
        D:9 |    2272 |    1766 |  43.7 |      28 |      20 |  41.7
       D:10 |    3170 |       0 |   0.0 |      30 |       0 |   0.0
       D:11 |    5510 |    3894 |  41.4 |      32 |       6 |  15.8
       D:12 |   13243 |       0 |   0.0 |      65 |       0 |   0.0
       D:13 |    7758 |    6015 |  43.7 |      40 |       8 |  16.7
       D:14 |    9095 |    7183 |  44.1 |      30 |      19 |  38.8
       D:15 |   13405 |    2000 |  13.0 |      35 |       2 |   5.4
     Lair:1 |    5727 |    1725 |  23.1 |      24 |       2 |   7.7
     Lair:2 |    4704 |    2097 |  30.8 |      18 |       3 |  14.3
     Lair:3 |    4487 |    5459 |  54.9 |      13 |      23 |  63.9
     Lair:4 |    1316 |    1811 |  57.9 |       6 |       9 |  60.0
     Lair:5 |    5975 |    1175 |  16.4 |      28 |       4 |  12.5
     Lair:6 |    7605 |   14597 |  65.7 |      29 |      59 |  67.0
    Snake:1 |   14697 |    1992 |  11.9 |      30 |       1 |   3.2
    Snake:2 |   14306 |    6140 |  30.0 |      31 |       9 |  22.5
    Snake:3 |   17405 |       0 |   0.0 |      30 |       0 |   0.0
    Snake:4 |   16060 |    2457 |  13.3 |      29 |       6 |  17.1
      Orc:1 |    1444 |     600 |  29.4 |      15 |       8 |  34.8
      Orc:2 |       0 |   22334 | 100.0 |       0 |     133 | 100.0
     Bailey |       0 |      14 | 100.0 |       0 |       8 | 100.0
      IceCv |       0 |    6395 | 100.0 |       0 |      54 | 100.0
            +---------+---------+-------+---------+---------+-------
